[ AOE2 MATCH · #505580648 ]
UnrankedByzantines vs Chinese
Player's team · LOSS
Rival team · WIN
[ REPLAY ANALYSIS · EXTRACTED FROM THE RECORDED GAME ]
Feudal
13:16
Castle
—
Imperial
—
| APM avg | 45.3 |
| APM peak | 99 |
| eAPM avg | 17.4 |
| Villagers / military | 52 / 15 |
Focus
⚔️ 25.6% · 🌾 74.4%
Skirmisher ×11 · Spearman ×4
Feudal
13:13
Castle
20:39
Imperial
—
| APM avg | 86.3 |
| APM peak | 186 |
| eAPM avg | 32.6 |
| Villagers / military | 70 / 10 |
Focus
⚔️ 55.1% · 🌾 44.9%
Skirmisher ×9 · Archer ×1
Match map
Initial resources + every placement click. Lines = walls · curves = elevation contours. ◆ gold · ⬟ stone · ● berries · ✦ relic · ◌ wall gap
Your base· Open — unwalled flank
DS_Gabo's base· Open — unwalled flank
Smoothed initial terrain · ◌ = detected wall gap · hover for details
Inputs per minute
— Charlie Mx - - DS_Gabo
Build order — Charlie Mx
115 actions detected in the replay
| 0:00 | Create | Villager (Male) |
| 0:00 | Create | Villager (Male) |
| 0:00 | Create | Villager (Male) |
| 0:01 | Create | Villager (Male) |
| 0:02 | Build | House |
| 0:03 | Build | House |
| 1:27 | Create | Villager (Male) |
| 1:43 | Build | House |
| 2:02 | Create | Villager (Male) |
| 2:17 | Build | Lumber Camp |
| 2:23 | Create | Villager (Male) |
| 2:46 | Create | Villager (Male) |
| 3:06 | Create | Villager (Male) |
| 3:07 | Create | Villager (Male) |
| 3:16 | Create | Villager (Male) |
| 3:32 | Create | Villager (Male) |
| 3:32 | Create | Villager (Male) |
| 3:48 | Create | Villager (Male) |
| 3:48 | Create | Villager (Male) |
| 4:22 | Create | Villager (Male) |
| 4:31 | Create | Villager (Male) |
| 4:34 | Build | House |
| 4:44 | Create | Villager (Male) |
| 5:04 | Create | Villager (Male) |
| 5:36 | Create | Villager (Male) |
| 6:08 | Build | Palisade Wall |
| 6:09 | Build | Palisade Wall |
| 6:29 | Create | Villager (Male) |
| 6:49 | Build | House |
| 7:04 | Research | Loom |
| 7:20 | Create | Villager (Male) |
| 7:42 | Create | Villager (Male) |
| 7:45 | Build | Lumber Camp |
| 7:52 | Create | Villager (Male) |
| 8:00 | Create | Villager (Male) |
| 8:15 | Create | Villager (Male) |
| 8:34 | Create | Villager (Male) |
| 9:08 | Create | Villager (Male) |
| 9:10 | Build | Mill |
| 9:36 | Create | Villager (Male) |
| 9:44 | Build | Farm |
| 10:05 | Create | Villager (Male) |
| 10:21 | Create | Villager (Male) |
| 11:06 | Research | Feudal Age |
| 12:03 | Build | Barracks |
| 12:45 | Build | Mining Camp |
| 13:14 | Build | House |
| 13:16 | Age | Feudal Age |
| 13:22 | Research | Double-Bit Axe |
| 13:27 | Create | Villager (Male) |
| 13:40 | Create | Spearman |
| 13:46 | Build | House |
| 13:53 | Create | Spearman |
| 13:57 | Create | Villager (Male) |
| 14:04 | Create | Villager (Male) |
| 14:16 | Create | Spearman |
| 14:20 | Create | Spearman |
| 14:39 | Create | Villager (Male) |
| 14:44 | Build | Archery Range |
| 14:44 | Create | Villager (Male) |
| 14:51 | Create | Villager (Male) |
| 14:58 | Create | Villager (Male) |
| 15:02 | Build | Lumber Camp |
| 15:24 | Build | Farm |
| 15:29 | Create | Villager (Male) |
| 15:34 | Build | Farm |
| 15:51 | Build | Farm |
| 15:54 | Build | House |
| 16:10 | Build | House |
| 16:15 | Create | Skirmisher |
| 16:48 | Create | Skirmisher |
| 16:53 | Build | Farm |
| 16:55 | Build | Farm |
| 16:59 | Build | Farm |
| 17:00 | Build | Farm |
| 17:02 | Build | Farm |
| 17:10 | Create | Villager (Male) |
| 17:22 | Build | Archery Range |
| 17:40 | Build | Farm |
| 17:42 | Build | Farm |
| 17:43 | Build | Farm |
| 17:45 | Create | Villager (Male) |
| 17:53 | Create | Skirmisher |
| 17:58 | Build | Farm |
| 17:59 | Build | Farm |
| 18:04 | Create | Skirmisher |
| 18:10 | Build | Farm |
| 18:13 | Create | Villager (Male) |
| 18:14 | Create | Villager (Male) |
| 18:17 | Create | Skirmisher |
| 18:18 | Create | Skirmisher |
| 18:41 | Create | Skirmisher |
| 18:41 | Create | Skirmisher |
| 18:42 | Create | Villager (Male) |
| 18:47 | Build | House |
| 18:48 | Build | House |
| 18:52 | Build | Farm |
| 18:53 | Create | Villager (Male) |
| 19:02 | Create | Villager (Male) |
| 19:06 | Build | Farm |
| 19:23 | Create | Villager (Male) |
| 19:27 | Build | Farm |
| 19:30 | Build | Farm |
| 19:32 | Build | Farm |
| 19:34 | Build | Farm |
| 19:35 | Create | Villager (Male) |
| 19:39 | Create | Skirmisher |
| 19:39 | Create | Skirmisher |
| 19:42 | Create | Skirmisher |
| 19:54 | Create | Villager (Male) |
| 20:11 | Build | Blacksmith |
| 20:19 | Create | Villager (Male) |
| 20:26 | Create | Villager (Male) |
| 20:37 | Create | Villager (Male) |
| 20:55 | Research | Wheelbarrow |
Build order — DS_Gabo
138 actions detected in the replay
| 0:01 | Build | House |
| 0:03 | Research | Loom |
| 0:51 | Create | Villager (Male) |
| 1:14 | Create | Villager (Male) |
| 1:46 | Create | Villager (Male) |
| 2:07 | Create | Villager (Male) |
| 2:40 | Create | Villager (Male) |
| 2:57 | Create | Villager (Male) |
| 3:09 | Build | Lumber Camp |
| 3:12 | Create | Villager (Male) |
| 3:35 | Create | Villager (Male) |
| 4:01 | Build | Palisade Wall |
| 4:03 | Build | Palisade Wall |
| 4:06 | Build | Palisade Wall |
| 4:08 | Create | Villager (Male) |
| 4:08 | Create | Villager (Male) |
| 4:36 | Create | Villager (Male) |
| 5:01 | Create | Villager (Male) |
| 5:21 | Create | Villager (Male) |
| 5:36 | Build | House |
| 5:43 | Build | Palisade Gate |
| 5:51 | Create | Villager (Male) |
| 5:56 | Create | Villager (Male) |
| 6:12 | Build | Palisade Wall |
| 6:41 | Create | Villager (Male) |
| 6:41 | Create | Villager (Male) ×3 |
| 6:43 | Build | Mill |
| 6:55 | Build | Palisade Gate |
| 7:00 | Create | Villager (Male) |
| 7:23 | Create | Villager (Male) |
| 7:46 | Create | Villager (Male) |
| 7:57 | Create | Villager (Male) |
| 8:13 | Create | Villager (Male) |
| 8:23 | Create | Villager (Male) |
| 8:25 | Build | Farm |
| 8:31 | Build | Farm |
| 8:32 | Build | Farm |
| 9:21 | Create | Villager (Male) ×2 |
| 9:22 | Create | Villager (Male) ×2 |
| 9:23 | Build | Farm |
| 9:23 | Build | Farm |
| 9:23 | Build | Farm |
| 9:23 | Build | Farm |
| 9:24 | Build | Farm |
| 9:39 | Create | Villager (Male) |
| 9:42 | Build | House |
| 10:24 | Build | Palisade Wall |
| 10:25 | Build | Palisade Wall |
| 10:26 | Build | Palisade Wall |
| 10:26 | Build | Palisade Wall |
| 10:26 | Build | Palisade Wall |
| 10:29 | Create | Villager (Male) ×2 |
| 10:56 | Build | Farm |
| 10:56 | Build | Farm |
| 10:57 | Build | Farm |
| 10:57 | Build | Farm |
| 10:57 | Build | Farm |
| 10:57 | Build | Farm |
| 10:57 | Build | Farm |
| 11:03 | Research | Feudal Age |
| 11:03 | Research | Feudal Age |
| 11:45 | Build | Palisade Wall |
| 11:47 | Build | House |
| 12:15 | Build | Barracks |
| 12:31 | Build | House |
| 12:36 | Build | Palisade Wall |
| 12:38 | Build | Palisade Wall |
| 12:43 | Build | Palisade Wall |
| 12:58 | Build | House |
| 13:13 | Age | Feudal Age |
| 13:15 | Create | Villager (Male) |
| 13:16 | Create | Villager (Male) |
| 13:39 | Create | Villager (Male) |
| 13:47 | Build | Archery Range |
| 13:54 | Create | Villager (Male) |
| 14:12 | Create | Villager (Male) |
| 14:18 | Create | Villager (Male) |
| 14:29 | Build | Palisade Wall |
| 14:34 | Build | Palisade Wall |
| 14:40 | Build | Mining Camp |
| 14:42 | Create | Archer |
| 14:49 | Create | Villager (Male) |
| 14:59 | Build | Palisade Wall |
| 15:01 | Build | Palisade Wall |
| 15:06 | Create | Villager (Male) |
| 15:06 | Create | Villager (Male) |
| 15:08 | Build | Watch Tower |
| 15:09 | Create | Villager (Male) ×5 |
| 15:10 | Create | Villager (Male) ×5 |
| 15:18 | Create | Villager (Male) |
| 15:19 | Research | Double-Bit Axe |
| 15:30 | Create | Skirmisher |
| 15:31 | Create | Skirmisher |
| 15:33 | Create | Villager (Male) |
| 15:41 | Build | Palisade Wall |
| 15:43 | Build | Palisade Wall |
| 15:44 | Build | Palisade Wall |
| 15:47 | Build | Palisade Wall |
| 16:15 | Create | Skirmisher |
| 16:17 | Create | Villager (Male) |
| 16:23 | Build | House |
| 16:30 | Create | Skirmisher |
| 16:36 | Create | Villager (Male) |
| 16:54 | Build | Blacksmith |
| 16:54 | Create | Villager (Male) |
| 17:00 | Create | Villager (Male) |
| 17:07 | Create | Villager (Male) |
| 17:11 | Create | Villager (Male) |
| 17:11 | Create | Villager (Male) |
| 17:11 | Create | Villager (Male) |
| 17:12 | Create | Villager (Male) |
| 17:49 | Build | House |
| 17:50 | Build | Palisade Wall |
| 17:52 | Build | Palisade Wall |
| 17:59 | Research | Castle Age |
| 18:26 | Research | Fletching |
| 18:29 | Build | Palisade Wall |
| 18:47 | Create | Skirmisher |
| 18:47 | Create | Skirmisher |
| 18:47 | Create | Skirmisher |
| 19:25 | Create | Villager (Male) |
| 19:33 | Create | Skirmisher |
| 19:34 | Create | Skirmisher |
| 19:40 | Build | Mining Camp |
| 20:06 | Create | Villager (Male) |
| 20:09 | Build | House |
| 20:10 | Build | Palisade Wall |
| 20:13 | Create | Villager (Male) |
| 20:39 | Research | Padded Archer Armor |
| 20:39 | Research | Padded Archer Armor |
| 20:39 | Age | Castle Age |
| 20:53 | Create | Villager (Male) |
| 20:55 | Build | House |
| 20:57 | Build | House |
| 20:58 | Create | Villager (Male) |
| 21:00 | Create | Villager (Male) |
| 21:01 | Create | Villager (Male) |
| 21:05 | Create | Villager (Male) |
Match timeline
| 4:01 | DS_Gabo · wall_segment Palisade Wall x3 |
| 4:03 | DS_Gabo · wall_segment Palisade Wall x3 |
| 4:06 | DS_Gabo · wall_segment Palisade Wall x1 |
| 6:08 | Charlie Mx · wall_segment Palisade Wall x1 |
| 6:09 | Charlie Mx · wall_segment Palisade Wall x1 |
| 6:12 | DS_Gabo · wall_segment Palisade Wall x1 |
| 10:24 | DS_Gabo · wall_segment Palisade Wall x1 |
| 10:25 | DS_Gabo · wall_segment Palisade Wall x2 |
| 10:26 | DS_Gabo · wall_segment Palisade Wall x2 |
| 10:26 | DS_Gabo · wall_segment Palisade Wall x1 |
| 10:26 | DS_Gabo · wall_segment Palisade Wall x1 |
| 11:45 | DS_Gabo · wall_segment Palisade Wall x1 |
| 12:03 | Charlie Mx · first_building Barracks |
| 12:15 | DS_Gabo · first_building Barracks |
| 12:36 | DS_Gabo · wall_segment Palisade Wall x1 |
| 12:38 | DS_Gabo · wall_segment Palisade Wall x1 |
| 12:43 | DS_Gabo · wall_segment Palisade Wall x1 |
| 13:13 | DS_Gabo · age_up feudal |
| 13:16 | Charlie Mx · age_up feudal |
| 13:47 | DS_Gabo · first_building Archery Range |
| 14:29 | DS_Gabo · wall_segment Palisade Wall x1 |
| 14:34 | DS_Gabo · wall_segment Palisade Wall x1 |
| 14:44 | Charlie Mx · first_building Archery Range |
| 14:59 | DS_Gabo · wall_segment Palisade Wall x4 |
| 15:01 | DS_Gabo · wall_segment Palisade Wall x15 |
| 15:41 | DS_Gabo · wall_segment Palisade Wall x5 |
| 15:43 | DS_Gabo · wall_segment Palisade Wall x10 |
| 15:44 | DS_Gabo · wall_segment Palisade Wall x3 |
| 15:47 | DS_Gabo · wall_segment Palisade Wall x14 |
| 17:50 | DS_Gabo · wall_segment Palisade Wall x4 |
| 17:52 | DS_Gabo · wall_segment Palisade Wall x9 |
| 18:29 | DS_Gabo · wall_segment Palisade Wall x1 |
| 20:10 | DS_Gabo · wall_segment Palisade Wall x5 |
| 20:39 | DS_Gabo · age_up castle |
| 21:20 | Charlie Mx · resign |
[ AI ANALYSIS · 1 CREDIT ]
What really happened in this match?
Wolo.gg analyzes every decision: build order, eco, micro, common mistakes by bracket. Personalized analysis on WhatsApp or Discord in 30 seconds.
Civ guide
Byzantines
Perfil
Jugador #3926669